 Dungeon Crawl Stone Soup version 0.20-a0-345-gbfb25ec (webtiles) character file.

51 ololoev the Sneak (level 3, -1/32 HPs)
             Began as a Naga Fire Elementalist on Dec 22, 2016.
             Slain by a worker ant (8 damage)
             ... on level 4 of the Dungeon.
             The game lasted 00:03:15 (1398 turns).

ololoev the Sneak (Naga Fire Elementalist)          Turns: 1398, Time: 00:03:15

Health: -1/32      AC:  3    Str: 11    XL:     3   Next: 83%
Magic:  5/6        EV: 10    Int: 15    God:
Gold:   167        SH:  0    Dex: 11    Spells: 5/6 levels left

rFire  . . .     SeeInvis +     f - +0 whip (flame)
rCold  + . .     Gourm    .     a - +1 robe
rNeg   . . .     Faith    .     (no shield)
rPois  +         Spirit   .     (no helmet)
rElec  .         Reflect  .     (no cloak)
rCorr  .         Harm     .     (no gloves)
MR     .....                    (no barding)
Stlth  ++........               (no amulet)
                                (no ring)
                                e - ring of protection from cold

@: short of breath, very slightly contaminated, very slow
A: see invisible, deformed body, poison resistance, slowness 2, slow metabolism
1, spit poison 1, AC +1
a: Spit Poison


Innate Abilities, Weirdness & Mutations

You cannot wear boots.
Your serpentine skin is tough. (AC +1)
You have supernaturally acute eyesight. (SInv)
Armour fits poorly on your strangely shaped body.
Your system is resistant to poisons. (rPois)
You cover ground very slowly.
You have a slow metabolism.
You can spit poison.

Inventory:

Hand Weapons
 f - a +0 whip of flaming (weapon)
Armour
 a - a +1 robe (worn)
 d - a +1 pair of gloves
Jewellery
 e - a ring of protection from cold (left hand)
Scrolls
 j - a scroll of amnesia
 k - a scroll of immolation
 m - a scroll of recharging
 n - a scroll of teleportation
Potions
 g - a potion of brilliance {unknown}
 h - a potion of haste {unknown}
 i - a potion of flight {unknown}
 l - a potion of agility {unknown}
 o - a potion of magic {unknown}
 q - 2 potions of might {unknown}
Comestibles
 c - 3 bread rations
 r - 2 chunks of flesh


   Skills:
 + Level 1.7 Fighting
 * Level 1.5 Maces & Flails
 + Level 1.1 Armour
 + Level 1.9 Dodging
 - Level 3.0 Stealth
 - Level 2.0 Spellcasting
 - Level 1.0 Conjurations
 - Level 3.0 Fire Magic


You had 5 spell levels left.
You knew the following spells:

 Your Spells              Type           Power        Failure   Level  Hunger
a - Flame Tongue          Conj/Fire      #....        12%         1    #......


You were on level 4 of the Dungeon.
You were not hungry.

You visited 1 branch of the dungeon, and saw 4 of its levels.

You collected 167 gold pieces.

#################
#..@a...........#
#.#####.....(.>.#
# #....#####...#
#a.#..........#
#. ##.#.#.#...# #
#.#<#.#...#
#.###.#)..# ...
..#..... ###
###.#.###

Notes
Turn   | Place    | Note
-------+----------+-------------------------------------------
     0 | D:1      | ololoev the Naga Fire Elementalist began the quest for the Orb.
     0 | D:1      | Reached XP level 1. HP: 15/15 MP: 3/3
   254 | D:1      | Reached skill level 1 in Fighting
   254 | D:1      | Reached XP level 2. HP: 22/25 MP: 5/5
   774 | D:1      | Reached skill level 1 in Maces & Flails
   932 | D:2      | Reached XP level 3. HP: 25/31 MP: 2/6
  1020 | D:2      | Reached skill level 1 in Armour
  1110 | D:2      | Found a shadowy altar of Dithmenos.
  1361 | D:3      | Noticed Yermak's ghost (weakling VSWn)
  1398 | D:4      | Slain by a worker ant

Dungeon Overview and Level Annotations

Branches:
Dungeon (4/15)
 Temple: D:4-7

Altars:
Dithmenos

Annotations:
D:3 Yermak's ghost, weakling VSWn


Message History

Found 21 bolts.
Use which ability? (? or * to list)
Press: ? - help, Shift-Dir - straight line, f - orc
Aim: an orc, wielding a flail and wearing a leather armour (resting)
The splash of poison hits the orc.
The orc is poisoned.
The orc is almost dead.
The orc shouts!
You feel slightly more hungry.
You kill the orc!
No target in view!
A worker ant comes into view.
You see here a pair of glowing gloves.
d - a pair of glowing gloves You have got your breath back.
Use which ability? (? or * to list)
Press: ? - help, Shift-Dir - straight line, f - worker ant
Aim: a worker ant The splash of poison misses the worker ant.
You feel slightly more hungry.
You have got your breath back.
The worker ant completely misses you. The worker ant barely misses you.
The worker ant bites you. The worker ant bites you.
You are poisoned.
The worker ant poisons you!
Use which ability? (? or * to list)
Press: ? - help, Shift-Dir - straight line, f/p - worker ant
Aim: a worker ant The splash of poison hits the worker ant.
The worker ant is lightly wounded.
You feel slightly more hungry.
You feel sick. The worker ant bites you.
You feel sick. The worker ant closely misses you. The worker ant bites you.
A worker ant comes into view.
You have got your breath back.
You feel sick.
Use which ability? (? or * to list)
Press: ? - help, Shift-Dir - straight line, f/p - worker ant
Aim: a worker ant (lightly wounded)
The splash of poison hits the worker ant.
The worker ant appears unharmed.
The worker ant is lightly wounded.
You feel slightly more hungry. The worker ant closely misses you.
The worker ant bites you.
You have got your breath back.
You feel sick. The worker ant bites you.
You are more poisoned.
The worker ant poisons you!
You feel sick.
The worker ant bites you but does no damage.
You feel sick. The worker ant closely misses you.
It was a potion of curing.
You feel better. The worker ant bites you.
Use which ability? (? or * to list)
Press: ? - help, Shift-Dir - straight line, f/p - worker ant
Aim: a worker ant (lightly wounded)
The splash of poison hits the worker ant.
The worker ant is poisoned.
The worker ant is moderately wounded.
You feel slightly more hungry. The worker ant bites you!
Casting: Flame Tongue
Confirm with . or Enter, or press ? or * to list all spells.
Aiming: Flame Tongue
Press: ? - help, Shift-Dir - straight line, f/p - worker ant
Aim: a worker ant (moderately wounded, poisoned)
You miscast Flame Tongue.
You are very lightly contaminated with residual magic.
The air around you burns with energy! The worker ant bites you!
You are lethally poisoned!
The worker ant poisons you!
You feel better.
You have got your breath back.
The worker ant bites you. The worker ant closely misses you.
You feel better. The worker ant bites you.
Use which ability? (? or * to list)
Press: ? - help, Shift-Dir - straight line, f/p - worker ant
Aim: a worker ant (heavily wounded, poisoned)
The splash of poison misses the worker ant.
You feel slightly more hungry. The worker ant bites you!
You die...

You could see a worker ant.

Vanquished Creatures
  2 adders
  An ooze (D:1)
  A worm (D:2)
  A leopard gecko (D:1)
  An orc (D:4)
  A ball python (D:1)
  2 giant cockroaches
  A goblin (D:2)
  3 hobgoblins
  2 jackals (D:1)
  2 kobolds (D:1)
  A quokka (D:2)
  4 bats (D:1)
  A frilled lizard (D:1)
  2 rats (D:2)
25 creatures vanquished.

Action                   || total
-------------------------++-------
Melee: Whip              ||    46
 Cast: Flame Tongue      ||     9
 Abil: Spit Poison       ||    21
  Use: Scroll            ||     6
       Potion            ||     3
  Eat: Chunk             ||     2
Armor: Robe              ||     8
Dodge: Dodged            ||    38

Vault maps used:
D:1:      tarquinn_simple_flora_water_a
D:2:      first_bread, nicolae_dithmenos_shadow_blocks, uniq_jessica
D:3:      minmay_misc_feat_alley
D:4:      cheibrodos_helix_gallery, uniq_menkaure
